 Dungeon Crawl Stone Soup version 0.26-a0-1132-ge9770dfcb6 (webtiles) character file.

Game seed: 9528438638318910354

9243 MajorAdolf the Covert (level 11, 0/86 HPs)
             Began as a Naga Wanderer on Dec 19, 2020.
             Was an Initiate of Gozag.
             Slain by a blink frog (8 damage)
             ... on level 10 of the Dungeon.
             The game lasted 00:25:20 (18308 turns).

MajorAdolf the Covert (Naga Wanderer)              Turns: 18308, Time: 00:25:22

Health: 0/86       AC:  8    Str: 19    XL:     11   Next: 43%
Magic:  11/11      EV:  9    Int: 11    God:    Gozag
Gold:   1027       SH: 10    Dex: 11    Spells: 10/10 levels left

rFire    . . .     SeeInvis +   e - +1 war axe (flame)
rCold    . . .     Faith    .   q - +0 kite shield
rNeg     + . .     Spirit   .   r - +1 leather armour {rN+}
rPois    +         Reflect  .   (no helmet)
rElec    .         Harm     .   i - +1 cloak
rCorr    .         Rampage  .   (no gloves)
Will     +....                  (no barding)
Stlth    +++++.....             (no amulet)
HPRegen  0.24/turn              (no ring)
MPRegen  0.12/turn              (no ring)

@: studying Crossbows, very slow
A: large, see invisible, deformed body, poison resistance, slowness 2, spit
poison 1, AC +3
a: Spit Poison, Renounce Religion, Potion Petition, Call Merchant, Bribe Branch


You were on level 10 of the Dungeon.
You worshipped Gozag.
Gozag was most pleased with you.
You visited 3 branches of the dungeon, and saw 12 of its levels.

You collected 1756 gold pieces.
You spent 638 gold pieces at shops.
You paid 91 gold pieces to Gozag.

Inventory:

Hand Weapons
 a - a +1 hand axe of freezing
 e - a +1 war axe of flaming (weapon)
 h - a +0 vorpal war axe
 A - a +3 falchion of electrocution
Missiles
 b - 2 throwing nets
 j - 42 poisoned darts (quivered)
 x - 3 curare-tipped darts
Armour
 i - a +1 cloak (worn)
 q - a +0 kite shield (worn)
 r - a +1 leather armour of positive energy (worn)
Jewellery
 v - an uncursed ring of ice {unknown}
 C - an uncursed ring of positive energy {unknown}
Wands
 y - a wand of iceblast (3)
 z - a wand of paralysis (19)
 F - a wand of polymorph (15)
 H - a wand of flame (27)
Scrolls
 f - 8 scrolls of remove curse
 k - 2 scrolls of blinking
 n - 2 scrolls of amnesia
 o - 7 scrolls of teleportation
 p - 9 scrolls of identify
 D - 4 scrolls of enchant weapon
 I - a scroll of noise {unknown}
 J - a scroll of enchant armour
Potions
 c - a potion of invisibility
 d - a potion of lignification
 g - a potion of mutation
 l - 2 potions of heal wounds
 m - a potion of might {unknown}
 t - a potion of resistance
 u - a potion of curing
 w - 5 potions of flight
 B - 2 potions of brilliance
 E - a potion of haste
Books
 G - a manual of Crossbows


   Skills:
 - Level 2.1 Fighting
 - Level 5.0 Short Blades
 + Level 8.4 Axes
 - Level 1.5 Dodging
 + Level 13.5 Stealth
 + Level 7.0 Shields
 - Level 1.0 Unarmed Combat
 + Level 8.3 Evocations


You had 10 spell levels left.
You didn't know any spells.
Your spell library contained the following spells:

 Spells                   Type           Power        Failure   Level
 Sandblast                Erth           0%           54%         1
 Passwall                 Tmut/Erth      0%           69%         2
 Confusing Touch          Hex            0%           89%         3
 Gell's Gravitas          Tloc           0%           89%         3
 Stone Arrow              Conj/Erth      0%           89%         3
 Petrify                  Tmut/Erth      0%           100%        4
 Bolt of Magma            Conj/Fire/Erth 0%           100%        5
 Lee's Rapid Deconstruct  Erth           0%           100%        5
 Metabolic Englaciation   Hex/Ice        0%           100%        5
 Yara's Violent Unravell  Hex/Tmut       0%           100%        5
 Starburst                Conj/Fire      0%           100%        6


Dungeon Overview and Level Annotations

Branches:
Dungeon (10/15)            Temple (1/1) D:4            Lair (1/6) D:10
    Orc: D:9-12

Altars:
Ashenzari
Cheibriados
Dithmenos
Elyvilon
Fedhas
Gozag
Hepliaklqana
Kikubaaqudgha
Makhleb
Nemelex Xobeh
Okawaru
Qazlal
Ru
Sif Muna
Trog
Uskayaw
Vehumet
Wu Jian
Xom
Yredelemnul
Zin
The Shining One
Beogh

Shops:
D:4 *   D:7 }*   D:8 (   D:9 *


Innate Abilities, Weirdness & Mutations

You cannot wear boots.
Your serpentine skin is tough. (AC +3)
You have supernaturally acute eyesight. (SInv)
Armour fits poorly on your strangely shaped body.
Your system is resistant to poisons. (rPois)
You cover ground very slowly.
You can spit poison.


Message History

The two-headed hydra bites you.
You block the two-headed hydra's attack.
Unknown command.
You hit the two-headed hydra. You burn the two-headed hydra.
The two-headed hydra is lightly wounded.
You closely miss the blink frog. The blink frog hits you!
* * * LOW HITPOINT WARNING * * *
You block the two-headed hydra's attack.
The two-headed hydra bites you!
* * * LOW HITPOINT WARNING * * *
The blink frog hits you.
* * * LOW HITPOINT WARNING * * *
Unknown command.
You feel much better. The two-headed hydra bites you!
* * * LOW HITPOINT WARNING * * *
The two-headed hydra bites you!
* * * LOW HITPOINT WARNING * * *
The blink frog hits you!
You die...
Your body crumbles into a pile of gold.

##.###.##.#######..#
###.###.##+##########
.........#........#
.........#[[......#
.........#<.....>.#
#...###+###[.###.####
###'##..###..###....#
....#.....#...#.D..##
....'.....'...#.@F.#
....#..(..#...#....##
##..##.######.##....#
######## #########


You could see a two-headed hydra and a blink frog.

Vanquished Creatures
  A hydra (Lair:1)
  A centaur warrior (D:9)
  A two-headed ogre (D:9)
  An unseen horror (D:10)
  A cane toad (Lair:1)
  2 trolls
  A hornet (D:9)
  2 blink frogs (D:10)
  A wyvern (D:8)
  A vampire (D:9)
  Eustachio (D:5)
  An ice beast (D:9)
  2 phantoms
  5 orc warriors
  3 sky beasts
  2 black bears
  9 ogres
  2 eyes of draining
  A necrophage (D:8)
  6 centaurs
  A big kobold (D:8)
  3 bullfrogs
  5 killer bees (D:10)
  2 scorpions (D:6)
  6 wights
  5 howler monkeys
  A centaur zombie (D:10)
  3 hounds
  A bullfrog zombie (D:9)
  4 jellies
  3 bullfrog skeletons
  8 orc priests
  4 iguanas
  5 orc wizards
  6 worker ants
  A hound zombie (D:7)
  A hound skeleton (D:10)
  2 worker ant zombies (D:9)
  A gnoll (D:2)
  12 adders
  A white imp (D:9)
  2 ufetubi
  2 oozes
  3 adder skeletons
  An adder zombie (D:6)
  3 worms
  2 dart slugs
  2 leopard geckos (D:7)
  52 orcs
  A ball python (D:3)
  7 giant cockroaches
  8 goblins
  8 hobgoblins
  6 jackals (D:3)
  9 kobolds
  A quokka (D:3)
  4 bats
  3 frilled lizards
  A leopard gecko skeleton (D:7)
  7 rats
241 creatures vanquished.

Vanquished Creatures (others)
  2 plants
  7 toadstools (D:1)
9 creatures vanquished.

Grand Total: 250 creatures vanquished

Notes
Turn   | Place    | Note
-------+----------+-------------------------------------------
     0 | D:1      | MajorAdolf the Naga Wanderer began the quest for the Orb.
     0 | D:1      | MajorAdolf set off with the following items: a +0 falchion,
                  | 3 throwing nets, a +0 leather armour, a potion of
                  | lignification, a +0 dagger
     0 | D:1      | Reached XP level 1. HP: 19/19 MP: 1/1
   584 | D:1      | Reached XP level 2. HP: 21/26 MP: 2/2
   929 | D:1      | Found a broken altar of Ashenzari.
  1107 | D:1      | Reached skill level 4 in Stealth
  1591 | D:2      | Reached XP level 3. HP: 32/32 MP: 3/3
  2342 | D:2      | Found a shimmering blue altar of Sif Muna.
  2736 | D:2      | Reached skill level 5 in Stealth
  2736 | D:2      | Reached XP level 4. HP: 20/39 MP: 4/4
  3440 | D:2      | Found an iron altar of Okawaru.
  4263 | D:3      | Reached XP level 5. HP: 44/45 MP: 5/5
  4495 | D:3      | Reached skill level 1 in Shields
  4676 | D:3      | Found a sacrificial altar of Ru.
  4850 | D:4      | Reached skill level 1 in Axes
  4852 | D:4      | HP: 2/45 [howler monkey (1)]
  5136 | D:4      | Found a shimmering altar of Xom.
  5206 | D:4      | Found Wofoanyek's Assorted Antiques.
  5402 | D:4      | Found a staircase to the Ecumenical Temple.
  5532 | Temple   | Entered the Ecumenical Temple
  5731 | D:4      | Noticed an ogre
  5748 | D:4      | Killed an ogre
  5749 | D:4      | Reached skill level 6 in Stealth
  5749 | D:4      | Reached XP level 6. HP: 9/52 MP: 6/6
  7383 | D:4      | Found an ornate altar of the Wu Jian Council.
  7387 | D:4      | Reached XP level 7. HP: 19/60 MP: 7/7
  7838 | D:5      | Entered Level 5 of the Dungeon
  7981 | D:5      | Reached skill level 7 in Stealth
  8183 | D:5      | Found a sparkling altar of Nemelex Xobeh.
  8184 | D:5      | Found an opulent altar of Gozag.
  8189 | D:5      | Became a worshipper of Gozag Ym Sagoz the Greedy
  8282 | D:5      | Noticed Eustachio
  8294 | D:5      | Killed Eustachio
  8383 | D:5      | Reached XP level 8. HP: 26/67 MP: 8/8
  8811 | D:6      | Reached skill level 5 in Short Blades
  8950 | D:6      | Reached skill level 8 in Stealth
  9167 | D:6      | Identified the Grimoire of Transformation and Combat Magic
  9470 | D:6      | Found a blossoming altar of Fedhas.
 10298 | D:7      | Reached skill level 9 in Stealth
 10510 | D:7      | Reached XP level 9. HP: 73/73 MP: 9/9
 10638 | D:7      | Found a burning altar of Makhleb.
 10643 | D:7      | Found a glowing silver altar of Zin.
 10644 | D:7      | Noticed an angel
 10646 | D:7      | Noticed an Executioner
 10649 | D:7      | Found Hoyvahip's Assorted Antiques.
 10737 | D:7      | Bought a crooked fluorescent wand for 104 gold pieces
 10737 | D:7      | Bought a scroll labelled ATETUX AGANK for 26 gold pieces
 10737 | D:7      | Bought a scroll labelled HIYW POECEIW for 26 gold pieces
 10737 | D:7      | Bought a wand of flame (14) for 26 gold pieces
 10737 | D:7      | Bought a scroll labelled OQAOFI JAAS for 26 gold pieces
 10737 | D:7      | Bought a scroll labelled ATETUX AGANK for 26 gold pieces
 10737 | D:7      | Bought a scroll labelled ATETUX AGANK for 26 gold pieces
 10991 | D:7      | Reached skill level 5 in Axes
 10991 | D:7      | Reached skill level 5 in Evocations
 11304 | D:7      | Found Ciyzobre's Gadget Emporium.
 11309 | D:7      | Bought a wand of paralysis (12) for 224 gold pieces
 11482 | D:8      | Reached skill level 10 in Stealth
 12260 | D:8      | Found Teng's Weapon Boutique.
 12751 | D:8      | Reached skill level 5 in Shields
 12823 | D:8      | Found a roughly hewn altar of Beogh.
 12984 | D:8      | Reached skill level 11 in Stealth
 12984 | D:8      | Reached XP level 10. HP: 39/80 MP: 10/10
 13582 | D:9      | Noticed a centaur warrior
 13605 | D:9      | Found Ecujad Dafopp's Hallowed Reliquary.
 13605 | D:9      | Noticed an angel
 13607 | D:9      | Found a glowing silver altar of Zin.
 13611 | D:9      | Bought a +1 leather armour of positive energy for 154 gold
                  | pieces
 13782 | D:9      | Found a shadowy altar of Dithmenos.
 13783 | D:9      | Noticed a two-headed ogre
 13798 | D:9      | Killed a two-headed ogre
 14634 | D:9      | Killed a centaur warrior
 14635 | D:9      | Reached skill level 12 in Stealth
 16121 | D:10     | Entered Level 10 of the Dungeon
 16510 | D:10     | Found a staircase to the Lair.
 17023 | D:10     | Reached XP level 11. HP: 64/84 MP: 11/11
 17536 | D:10     | Reached skill level 13 in Stealth
 17551 | D:10     | Noticed an unseen horror
 17563 | D:10     | Killed an unseen horror
 17996 | Lair:1   | Entered Level 1 of the Lair of Beasts
 17996 | Lair:1   | Noticed a five-headed hydra
 18004 | Lair:1   | Killed a five-headed hydra
 18005 | Lair:1   | Noticed a four-headed hydra
 18307 | D:10     | HP: 3/86 [two-headed hydra (13)]
 18307 | D:10     | HP: 1/86 [blink frog (2)]
 18308 | D:10     | Slain by a blink frog

Illustrated notes

Levels and vault maps discovered:
D:1:      nagdon_arrival_double_spiral, layout_basic, ashenzari_altar_1
D:2:      layout_rooms, lemuel_round_altar, okawaru_altar_gauntlet_db
D:3:      layout_basic, nicolae_ru_the_path_less_chosen
D:4:      layout_loops_corners, old_standard_altar, kennysheep_little_box,
          minmay_temple_entry_arrows, serial_shops, nicolae_shop_statue_plus,
          hangedman_abyss_or_decor_jellyfish_corner
D:5:      layout_cave_pools, grunt_temple_overflow_opulence,
          hangedman_abyss_or_decor_slice, uniq_eustachio
D:6:      layout_gridville, lemuel_coloured_pillars_altar
D:7:      layout_loops_ring, grunt_temple_overflow_order_and_chaos_2,
          serial_shops, shop_fountains, shop, minmay_manual_monolith
D:8:      layout_basic, special_room [special_room_orc], serial_shops,
          shop_fountains
D:9:      layout_long_grid, nicolae_dithmenos_shadow_blocks, nicolae_good_shop
D:10:     layout_gridville, lair_entry_dummy
Temple:   minmay_temple_bridge_abc
Lair:1:   layout_chaotic_city, minivault_11, infiniplex_staircase_pool,
          uniq_fannar

Skill      XL: |  1  2  3  4  5  6  7  8  9 10 11 |
---------------+----------------------------------+-----
Stealth        | 4 5 6 7 9 11 12 13 | 13.5
Short Blades   | 3 4 5 |  5.0
Shields        | 1 2 3 5 6 7 |  7.0
Axes           | 1 2 3 4 6 7 8 |  8.4
Evocations     | 2 3 4 6 7 8 |  8.3
Fighting       | |  2.1
Dodging        | |  1.5
Unarmed Combat | |  1.0

Action                   |  1- 3 |  4- 6 |  7- 9 | 10-12 || total
-------------------------+-------+-------+-------+-------++-------
Melee: Dagger            |   126 |   288 |    13 |       ||   427
       Falchion          |     3 |       |   302 |   147 ||   452
       Punch             |     1 |       |       |       ||     1
       War axe           |       |       |       |   129 ||   129
Throw: Dart              |       |       |    11 |       ||    11
       Throwing net      |       |       |     1 |       ||     1
 Abil: Spit Poison       |    17 |    32 |     7 |     3 ||    59
Evoke: Wand              |       |     3 |       |    19 ||    22
  Use: Potion            |     2 |     1 |     1 |     4 ||     8
       Scroll            |       |       |    13 |     1 ||    14
 Stab: Sleeping          |     4 |     4 |    11 |     5 ||    24
       Distracted        |       |     1 |     1 |     6 ||     8
       Paralysed         |       |       |       |    22 ||    22
Armor: Skin              |     2 |       |     6 |       ||     8
       Leather armour    |     8 |       |       |    81 ||    89
       Robe              |    15 |    68 |    63 |     1 ||   147
Dodge: Dodged            |    57 |    69 |    85 |   113 ||   324
Block: Kite shield       |     4 |   110 |   114 |   166 ||   394
       Rpst.: Falchion   |       |       |    23 |    14 ||    37

Table legend: (Time is in decaauts)
 A = Elapsed time spent in this place.
 B = Non-inter-level travel time spent in this place.
 C = Inter-level travel time spent in this place.
 D = Time resting spent in this place.
 E = Time spent auto-exploring this place.
 F = Levels seen in this place.
 G = Mean time per level.
                   A        B        C        D        E       F      G
               +--------+--------+--------+--------+--------+-----+--------+
         Total |  21394 |  20472 |    922 |   8192 |   9258 |  12 | 1782.8 |
       Dungeon |  20764 |  19873 |    891 |   7856 |   9019 |  10 | 2076.4 |
        Temple |    610 |    580 |     30 |    336 |    239 |   1 |  610.0 |
          Lair |     19 |     19 |      0 |      0 |      0 |   1 |   19.0 |
               +--------+--------+--------+--------+--------+-----+--------+

Top non-repeatable levels by time:
     D:4: 3163 daAuts
     D:9: 3064 daAuts
     D:8: 2588 daAuts
     D:2: 2188 daAuts
    D:10: 2005 daAuts
     D:1: 1854 daAuts
     D:7: 1826 daAuts
     D:3: 1587 daAuts
     D:6: 1336 daAuts
     D:5: 1150 daAuts
  Temple: 610 daAuts
  Lair:1: 19 daAuts
